 Dungeon Crawl Stone Soup version 0.22-a0-469-gf26638a (webtiles) character file.

4 emperorscorpion the Charmwright (level 1, 0/11 HPs)
             Began as a Vine Stalker Skald on June 13, 2018.
             Slain by a giant cockroach (1 damage)
             ... on level 1 of the Dungeon.
             The game lasted 00:02:29 (373 turns).

emperorscorpion the Charmwright (Vine Stalker Skald) Turns: 373, Time: 00:02:29

Health: 0/11       AC:  3    Str: 13    XL:     1   Next: 70%
Magic:  0/4        EV: 12    Int: 13    God:
Gold:   12         SH:  0    Dex: 13    Spells: 3/4 levels left

rFire    . . .     SeeInvis .   a - +0 short sword
rCold    . . .     Gourm    .   (no shield)
rNeg     . . .     Faith    .   b - +0 leather armour
rPois    .         Spirit   +   (no helmet)
rElec    .         Reflect  .   (no cloak)
rCorr    .         Harm     .   (no gloves)
MR       .....                  (no boots)
Stlth    +.........             (no amulet)
HPRegen  0.03/turn              (no ring)
MPRegen  0.09/turn              (no ring)

@: no status effects
A: fangs 2, magic shield, antimagic bite, no potion heal 3, rot immunity
a: no special abilities


You were on level 1 of the Dungeon.
You were not hungry.

You visited 1 branch of the dungeon, and saw 1 of its levels.

You collected 12 gold pieces.

Inventory:

Hand Weapons
 a - a +0 short sword (weapon)
Missiles
 c - 5 javelins of penetration (quivered)
Armour
 b - a +0 leather armour (worn)
Scrolls
 f - a scroll of blinking {unknown}
Potions
 e - 2 potions of brilliance {unknown}
Comestibles
 d - a ration


   Skills:
 + Level 1.7 Fighting
 + Level 1.8 Short Blades
 + Level 0.8 Armour
 + Level 1.7 Dodging
 + Level 2.2 Spellcasting
 + Level 3.0 Charms


You had 3 spell levels left.
You knew the following spells:

 Your Spells              Type           Power        Failure   Level  Hunger
a - Infusion              Chrm           #...         9%          1    ##.....

Your spell library contained the following spells:

 Spells                   Type           Power        Failure   Level  Hunger
 Regeneration             Chrm/Necr      #.........   45%         3    ####...
 Shroud of Golubria       Chrm/Tloc      #.........   26%         2    ###....
 Song of Slaying          Chrm           #.......     14%         2    ###....
 Spectral Weapon          Hex/Chrm       #.......     45%         3    ####...


Dungeon Overview and Level Annotations

Branches:
Dungeon (1/15)

Altars:


Innate Abilities, Weirdness & Mutations

You have extremely sharp teeth.
When hurt, damage is shared between your health and your magic reserves.
Your bite disrupts and absorbs the magic of your enemies.
Potions cannot restore your health.
You are immune to rotting.


Message History

The giant cockroach barely misses you.
The giant cockroach completely misses you.
A kobold comes into view. It is wielding a dagger.
The kobold shouts!
The kobold completely misses you.
You hit the kobold but do no damage. Your bite misses the kobold.
The giant cockroach completely misses you.
The kobold misses you.
The giant cockroach bites you but does no damage.
You closely miss the kobold.
The giant cockroach bites you but does no damage.
The kobold hits you with a dagger.
You closely miss the kobold. The giant cockroach bites you.
* * * LOW HITPOINT WARNING * * *
The kobold hits you with a dagger.
* * * LOW HITPOINT WARNING * * *
You hit the kobold.
You kill the kobold!
The giant cockroach bites you.
You die...

#.# #.##.. #.##.<
#.##.. #.##.. #.#...
#.#...
###############.#...
#gs@).........g.....
#.################..
#.# #...# #.. #g#
#...# #.. #.# #...#
##. #.# #...# #. #r#
#...# ## #.# #†..#
#.# #..[#


You could see a giant cockroach and a goblin.

Vanquished Creatures
  A goblin (D:1)
  A kobold (D:1)
  A bat (D:1)
  A frilled lizard (D:1)
  A rat (D:1)
5 creatures vanquished.

Notes
Turn   | Place    | Note
-------+----------+-------------------------------------------
     0 | D:1      | emperorscorpion the Vine Stalker Skald began the quest for the Orb.
     0 | D:1      | Reached XP level 1. HP: 11/11 MP: 4/4
   373 | D:1      | Slain by a giant cockroach

Vault maps used:
D:1:      minmay_arrival_stone_box

Action                   || total
-------------------------++-------
Melee: Short sword       ||    14
       Bite              ||     1
Armor: Leather armour    ||    57
Dodge: Dodged            ||   113

Table legend:
 A = Spawn XP
 B = Non-spawn XP
 C = Spawn XP percentage of total XP
 D = Spawn monster count
 E = Non-spawn monster count
 F = Spawn count percentage of total count
 G = Total turns spent on level
                    A         B        C        D         E        F      G
               +---------+---------+-------+---------+---------+-------+---------
         Total |       0 |       7 |   0.0 |       0 |       5 |   0.0 |   373
               +---------+---------+-------+---------+---------+-------+---------
           D:1 |       0 |       7 |   0.0 |       0 |       5 |   0.0 |   373
               +---------+---------+-------+---------+---------+-------+---------
